Unix NetHack Version 5.0.0-0 post-release - last build May 10 2026 23:12:36 (d1fa5d53e341ca933230fdaa984d921c805b60aa,branch:main).

Game began 2026-05-14 19:13:00, ended 2026-05-14 21:56:21.

Koku, neutral female gnomish Wizard

                 ----------
                #........(|
                #|.........        -------.--|-
               ##--------.-        |hG...\.....
 -----------####         ###       |f.%......(|
 |...<.....|#             #        |.h........-
 |.........|#             #        -@----------
 |..........#             #         #
 |.........|              #         #
 -----------              #         %#
                         ###         )
                         ##         #%####
                         #------------.-
                         #|............|
                         #....`...(....|
                          |............|
                          --------------

Koku the Conjurer         St:9 Dx:13 Co:16 In:19 Wi:11 Ch:9  Neutral
Dlvl:5  $:107 HP:0(43) Pw:9(52) AC:7  Xp:5 T:1992 

Latest messages:
 You kill the bugbear!
 In what direction? 4
 The spell hits the hobgoblin!
 You kill the hobgoblin!
 You hear some noises in the distance.
 In what direction? 7
 The spell hits the hobgoblin!
 You kill the hobgoblin!
 Welcome to experience level 5.
 The bugbear picks up an iron skull cap.
 In what direction? 7
 The spell hits the bugbear!
 The bugbear hits!
 In what direction? 7
 The spell hits the bugbear!
 You kill the bugbear!
 The gnome picks up an iron skull cap.
 Where do you want to travel to?
 (For instructions type a '?')
 You are already here.
 You hit the gnome.
 The gnome hits!
 W - a platinum wand.
 X - a wand of teleportation.
 In what direction? 8
 The spell hits the gnome!
 You kill the gnome!
 Splat!
 There are several objects here.
 Tulip bites the kobold lord.
 The kobold lord is killed!
 The gnome lord shoots an arrow!
 The arrow hits Tulip.
 Tulip bites the gnome lord.
 The gnome lord swings his bow at Tulip.
 The gnome lord hits Tulip.
 Tulip bites the gnome lord.
 You kill the kobold!
 Tulip misses the gnome lord.
 Tulip misses the gnome lord.
 The dwarf king swings his mace.
 The dwarf king hits!
 The dwarf king swings his mace.
 The dwarf king hits again!
 You die...
 Do you want your possessions identified? [ynq] (y) y
 Do you want to see your attributes? [ynq] (y) y
 Do you want an account of creatures vanquished? [ynaq] (y) y
 Do you want to see your conduct and achievements? [ynq] (y) y
 Do you want to see the dungeon overview? [ynq] (y) y

Inventory:
 Coins    ('$')
  $ - 107 gold pieces
 Weapons  (')')
  J - a +0 dagger
  a - a blessed +1 quarterstaff (weapon in hands)
 Armor    ('[')
  K - a cursed +0 helmet
  t - an uncursed +0 orcish helm (being worn)
  y - an uncursed +0 pair of gauntlets of dexterity (being worn)
  b - an uncursed +0 cloak of magic resistance (being worn)
  s - an uncursed +0 elven mithril-coat
 Comestibles  ('%')
  r - 2 uncursed food rations
 Scrolls  ('?')
  w - an uncursed scroll of destroy armor
  T - an uncursed scroll of remove curse
  j - an uncursed scroll of teleportation
 Spellbooks  ('+')
  l - a blessed spellbook of force bolt
  m - an uncursed spellbook of healing
 Potions  ('!')
  f - an uncursed potion of confusion
  i - a blessed potion of healing
  u - an uncursed potion of restore ability
  g - an uncursed potion of sickness
 Rings    ('=')
  U - a blessed +1 ring of adornment
  e - an uncursed ring of invisibility
  d - an uncursed ring of teleport control (on right hand)
 Wands    ('/')
  W - a wand of create monster (0:11)
  M - a wand of secret door detection (0:10)
  O - a wand of slow monster (0:5)
  V - a wand of stasis (0:4)
  X - a wand of teleportation (0:7)
  c - a wand of teleportation (0:5)
 Tools    ('(')
  n - a magic marker (0:22)
  B - an uncursed stethoscope
  q - an uncursed towel
 Gems/Stones  ('*')
  I - an uncursed worthless piece of blue glass
  v - 3 uncursed worthless pieces of green glass
  G - 3 uncursed worthless pieces of violet glass

Koku the Wizard's attributes:

Background:
 You were a Conjurer, a level 5 female gnomish Wizard.
 You were neutral, nominally on a mission for Thoth
 who was opposed by Ptah (lawful) and Anhur (chaotic).
 You were right-handed.
 You were in the Dungeons of Doom, on level 5.
 You entered the dungeon 1992 turns ago.
 You had 192 experience points, 128 more were needed to attain level 6.

Basics:
 You had 0 out of 43 hit points.
 You had 9 out of 52 energy points (spell power).
 Your armor class was 7.
 Your wallet contained 107 zorkmids.
 Autopickup was off.

Final Characteristics:
 Your strength was 9 (limit:18/50).
 Your dexterity was 13 (limit:18).
 Your constitution was 16 (limit:18).
 Your intelligence was 19 (limit:19).
 Your wisdom was 11 (limit:18).
 Your charisma was 9 (limit:18).

Final Status:
 You weren't hungry.
 You were unencumbered.
 You were wielding a quarterstaff.
 You had basic skill with quarterstaff.

Final Attributes:
 You were devoutly aligned.
 You were magic-protected.
 You had infravision.
 You had teleport control.
 You were warded.
 You are dead.

Miscellaneous:
 You didn't encounter any bones levels.
 Total elapsed playing time was 16 minutes and 51 seconds.

Major events:
 Turn
    1: Koku the neutral female gnomish Wizard entered the dungeon
  999: attained the rank of Conjurer (level 3)
 1175: entered the Gnomish Mines
 1992: killed by a dwarf king

Spells:
 Name                 Level Category     Fail Retention
 force bolt             1   attack         0%  91%-100%
 healing                1   healing        0%  76%-100%

Skills:
 Fighting Skills
   bare handed combat [Unskilled]
   riding             [Unskilled]
 Weapon Skills
   dagger             [Unskilled]
   knife              [Unskilled]
   axe                [Unskilled]
   short sword        [Unskilled]
   club               [Unskilled]
   mace               [Unskilled]
   quarterstaff       [Basic]
   polearms           [Unskilled]
   spear              [Unskilled]
   trident            [Unskilled]
   sling              [Unskilled]
   dart               [Unskilled]
   shuriken           [Unskilled]
 Spellcasting Skills
   attack spells      [Basic]
   healing spells     [Unskilled]
   divination spells  [Unskilled]
   enchantment spells [Basic]
   clerical spells    [Unskilled]
   escape spells      [Unskilled]
   matter spells      [Unskilled]

Voluntary challenges:
 Character rerolling was not enabled.
 You were an atheist.
 You never genocided any monsters.
 You never polymorphed an object.
 You never changed form.
 You used no wishes.
Achievements:
 You attained the rank of Conjurer.
 You entered the Gnomish Mines.

 The Dungeons of Doom: levels 1 to 5
    Level 1:
       A fountain.
    Level 2:
       A fountain.
    Level 3:
       Some fountains.
       Stairs down to The Gnomish Mines.
    Level 4:
    Level 5: <- You were here.
       A throne.
       Final resting place for
          you, killed by a dwarf king.
 The Gnomish Mines:
    Level 4:


Vanquished creatures:
  5 bugbears
  a shrieker
  a little dog
  2 dwarves
  a kobold leader
 an iguana
 an acid blob
  a coyote
  a hobbit
  4 hobgoblins
  3 giant rats
  6 gnomes
  4 geckos
  7 jackals
  2 foxes
  3 kobolds
  3 goblins
  a sewer rat
  2 grid bugs
  4 lichens
  2 kobold zombies
  4 newts
59 creatures vanquished.

No species were genocided or became extinct.

Game over:
                       ----------
                      /          \
                     /    REST    \
                    /      IN      \
                   /     PEACE      \
                  /                  \
                  |       Koku       |
                  |      107 Au      |
                  |   killed by a    |
                  |    dwarf king    |
                  |                  |
                  |                  |
                  |       2026       |
                 *|     *  *  *      | *
        _________)/\\_//(\/(/\)/\//\/|_)_______

Goodbye Koku the Wizard...

You died in The Dungeons of Doom on dungeon level 5 with 1115 points,
and 107 pieces of gold, after 1992 moves.
You were level 5 with a maximum of 43 hit points when you died.

